AoeStats
← Imperator-Stitch

Arena

510113812Analyzed
1v1 RM · 3d ago on Sep 29, 2026· 27m 58s· 2 players
Game mode
Random Map
Map size
Tiny (2 player)
Population
200
Speed
Normal
Resources
Standard
Victory
Conquest
Starting age
Dark Age
Ending age
Imperial Age
RankedLock teamsTeams togetherTeam positionsShared explorationLock speedFull tech treeHidden civsTurbo modeCheats
Victory
Defeat
🇫🇷 Turks · France
600
+16
🇩🇪 Bohemians · Germany
592
-16
Imperator-Stitch
8:04 Loom
11:49 Feudal Age
13:28 Double-Bit Axe
13:25 Horse Collar
18:00 Castle Age
17:01 Fletching
17:16 Padded Archer Armor
18:34 Wheelbarrow
19:20 Wheelbarrow
20:52 Bodkin Arrow
24:46 Fervor
29:10 Chemistry
28:26 Masonry
edualc38
11:09 Feudal Age
16:46 Castle Age
14:39 Double-Bit Axe
14:37 Horse Collar
14:51 Gold Mining
24:17 Imperial Age
24:35 Fletching
Connection lost

Rejoining the realm…

Still unreachable

The connection could not be restored.

Session expired

The server has moved on; the page needs a fresh start.